 Dungeon Crawl Stone Soup version 0.29.1-1-gd02db6906a (webtiles) character file.

Game seed: 14495055926210672860

28 sleeves the Magician (level 3, -1/18 (24) HPs)
             Began as a Formicid Hedge Wizard on Sept 30, 2022.
             Slain by a necrophage (3 damage)
             ... on level 4 of the Dungeon.
             The game lasted 00:02:04 (1428 turns).

sleeves the Magician (Formicid Hedge Wizard)        Turns: 1428, Time: 00:02:04

HP:   -1/18 (24)    AC:  2    Str: 14    XL:     3   Next: 27%
MP:   1/7           EV: 12    Int: 15    God:
Gold: 111           SH:  0    Dex: 13    Spells: 7/8 levels left

rFire   + . .      SeeInvis +   a - +0 dagger
rCold   . . .      Faith    .   (no shield)
rNeg    . . .      Spirit   .   b - +0 robe
rPois   .          Reflect  .   (helmet unavailable)
rElec   .          Harm     .   (no cloak)
rCorr   .          Rampage  .   (no gloves)
Will    .....                   (no boots)
Stlth   ++........              (no amulet)
HPRegen 0.06/turn               h - ring of protection from fire
MPRegen 0.10/turn               (no ring)

@: very heavily drained
A: permanent stasis, dig shafts and tunnels, antennae 3, four strong arms
a: Dig, Shaft Self


You were on level 4 of the Dungeon.
You visited 1 branch of the dungeon, and saw 3 of its levels.

You collected 111 gold pieces.

Inventory:

Hand Weapons
 a - a +0 dagger (weapon)
Armour
 b - a +0 robe (worn)
Jewellery
 h - a ring of protection from fire (left hand)
   (You found it on level 2 of the Dungeon)
Scrolls
 d - 4 scrolls of identify {unknown}
 e - a scroll of amnesia {unknown}
 f - a scroll of enchant armour {unknown}
 g - a scroll of teleportation {unknown}
Potions
 c - a potion of magic


   Skills:
 - Level 1.7 Dodging
 - Level 2.4 Stealth
 - Level 3.2 Spellcasting
 + Level 2.7 Conjurations
 - Level 1.0 Summonings
 - Level 0.8 Translocations


You had 7 spell levels left.
You knew the following spells:

 Your Spells              Type           Power      Damage    Failure   Level
a - Magic Dart            Conj           40%        1d5       6%          1

Your spell library contained the following spells:

 Spells                   Type           Power      Damage    Failure   Level
 Necrotise                Necr           8%         1d4       21%         1
 Slow                     Hex            8%         N/A       21%         1
 Call Imp                 Summ           5%         N/A       21%         2
 Conjure Flame            Conj/Fire      6%         6-21      32%         3
 Mephitic Cloud           Conj/Pois/Air  5%         N/A       38%         3
 Vampiric Draining        Necr           2%         2d6       52%         3
 Agony                    Necr           2%         N/A       99%         5
 Blink                    Tloc           Unusable   N/A       N/A         2

Dungeon Overview and Level Annotations

Branches:
Dungeon (2/15)

Altars:

Shops:
D:2 *

Annotations:
D:2 Natasha, Sigmund


Innate Abilities, Weirdness & Mutations

You cannot be hasted, slowed, berserked, paralysed or teleported.
You can dig through walls and to a lower floor.
You have a pair of large antennae on your head. (SInv)
Your four strong arms can wield two-handed weapons with a shield.


Message History

Welcome, sleeves the Formicid Hedge Wizard.
Are you destined to find the fantabulous Orb of Zot, or to die trying?
Press ? for a list of commands and other information.
Found a staircase leading out of the dungeon.
Okay, then.
You open the door. You open the door.
Found a short sword.
There is an open door here.
You see here a +0 short sword.
You open the door.
Found a robe.
There is an open door here.
You sense a monster nearby.
You now have 11 gold pieces.
Found 4 stones.
You open the door.
There is an open door here.
You now have 20 gold pieces (gained 9).
You open the door.
There is an open door here.
You open the door.
There is an open door here.
You now have 34 gold pieces (gained 14).
You open the door.
There is an open door here.
As you open the door, it creaks loudly!
There is an open door here.
You open the door.
There is an open door here.
d - a scroll labelled TULENE YMURGH
d - 2 scrolls labelled TULENE YMURGH (gained 1)
Found a mace.
You open the door.
There is an open door here.
Found a short sword.
You see here a +0 short sword.
There is an open door here.
As you open the door, it creaks loudly!
There is an open door here.
You open the door.
There is an open door here.
An endoplasm comes into view.
An endoplasm is nearby!
An endoplasm is nearby!
An endoplasm is nearby!
The magic dart hits the endoplasm.
The endoplasm is heavily wounded.
The endoplasm quivers.
You can't see any susceptible monsters within range! (Use Z to cast anyway.)
You miscast Magic Dart.
You are very lightly contaminated with residual magic.
Nothing appears to happen.
The magic dart hits the endoplasm.
You kill the endoplasm!
Your Conjurations skill increases to level 1!
Your magical contamination has completely faded away.
Magic restored.
Found an escape hatch in the floor.
d - 3 scrolls labelled TULENE YMURGH (gained 1)
You now have 44 gold pieces (gained 10).
There is an escape hatch in the floor here.
A ball python comes into view.
Found a scroll labelled TEDGHA PYPUDI.
The ball python hisses angrily.
A ball python is nearby!
The magic dart hits the ball python.
You kill the ball python!
You can't see any susceptible monsters within range! (Use Z to cast anyway.)
A giant cockroach comes into view.
A giant cockroach is nearby!
A giant cockroach is nearby!
The magic dart hits the giant cockroach.
The giant cockroach is heavily wounded.
The magic dart hits the giant cockroach.
The giant cockroach is severely wounded.
The magic dart hits the giant cockroach.
You kill the giant cockroach!
* * * LOW MAGIC WARNING * * *
You are out of magic!
e - a scroll labelled TEDGHA PYPUDI You sense a monster nearby.
A goblin comes into view. It is wielding a +0 club.
A goblin is nearby!
The magic dart hits the goblin.
You kill the goblin!
You can't see any susceptible monsters within range! (Use Z to cast anyway.)
A rat comes into view.
A rat is nearby!
A rat is nearby!
You miscast Magic Dart.
You are very lightly contaminated with residual magic.
Nothing appears to happen.
The magic dart hits the rat.
The rat is severely wounded.
The magic dart hits the rat but does no damage.
The rat is severely wounded.
A rat is nearby!
A rat is nearby!
The magic dart hits the rat.
You kill the rat!
* * * LOW MAGIC WARNING * * *
Your magical contamination has completely faded away.
A bat comes into view.
A bat is nearby!
A bat is nearby!
The magic dart hits the bat.
The bat is severely wounded.
An endoplasm comes into view.
The magic dart hits the bat.
You kill the bat!
You have reached level 2!
The magic dart hits the endoplasm.
The endoplasm is moderately wounded.
You miscast Magic Dart.
You are very lightly contaminated with residual magic.
Nothing appears to happen.
The magic dart hits the endoplasm.
The endoplasm is severely wounded.
* * * LOW MAGIC WARNING * * *
You hit the endoplasm.
You kill the endoplasm!
No target in view!
Your magical contamination has completely faded away.
Things that are here:
a +0 club; a goblin corpse You see here a bat corpse.
Found a stone staircase leading down.
You sense a monster nearby.
A frilled lizard comes into view.
The magic dart hits the frilled lizard.
The frilled lizard is heavily wounded.
The frilled lizard hisses angrily.
The magic dart hits the frilled lizard.
You kill the frilled lizard!
You pick up a book of Necromancy and begin reading...
You add the spells Necrotise, Vampiric Draining and Agony to your library.
A rat comes into view.
A rat is nearby!
A rat is nearby!
The magic dart hits the rat.
You kill the rat!
Found 9 stones.
A kobold comes into view. It is wielding a +0 short sword.
A kobold is nearby!
The magic dart hits the kobold.
The kobold is severely wounded.
The kobold shouts!
The magic dart hits the kobold but does no damage.
The kobold is severely wounded.
A kobold is nearby!
A kobold is nearby!
You miscast Magic Dart.
You are very lightly contaminated with residual magic.
Nothing appears to happen.
A kobold is nearby!
A kobold is nearby!
A kobold is nearby!
The magic dart hits the kobold.
You kill the kobold!
Your Conjurations skill increases to level 2!
Your magical contamination has completely faded away.
Found a stone staircase leading down.
d - 4 scrolls labelled TULENE YMURGH (gained 1)
You sense a monster nearby.
A ball python comes into view.
A ball python is nearby!
The magic dart hits the ball python.
You kill the ball python! 2 kobolds come into view.
The magic dart hits the kobold.
You kill the kobold!
The magic dart hits the kobold.
The kobold is severely wounded.
The kobold shouts!
An endoplasm comes into view.
You miscast Magic Dart.
You are very lightly contaminated with residual magic.
Nothing appears to happen.
The endoplasm quivers.
You miscast Magic Dart.
Nothing appears to happen.
The magic dart hits the endoplasm.
The endoplasm is moderately wounded.
Your magical contamination has completely faded away.
There is a stone staircase leading down here.
There is a stone staircase leading down here.
The magic dart hits the endoplasm.
The endoplasm is almost dead.
The magic dart hits the endoplasm.
You kill the endoplasm!
The magic dart hits the kobold.
The kobold is severely wounded.
The magic dart hits the kobold.
You kill the kobold!
You now have 59 gold pieces (gained 15).
You now have 76 gold pieces (gained 17).
You open the door.
There is an open door here.
You open the door.
There is an open door here.
You now have 83 gold pieces (gained 7).
You open the door.
There is an open door here.
You sense a monster nearby.
A ball python comes into view.
Found a club.
The ball python hisses angrily.
A ball python is nearby!
The magic dart hits the ball python.
The ball python is severely wounded.
The ball python closely misses you. The ball python grabs you.
The ball python constricts you.
The magic dart hits the ball python.
You kill the ball python!
A ball python comes into view.
A ball python is nearby!
A ball python is nearby!
You miscast Magic Dart.
You are very lightly contaminated with residual magic.
Nothing appears to happen.
The magic dart hits the ball python.
You kill the ball python!
You can't see any susceptible monsters within range! (Use Z to cast anyway.)
Your magical contamination has completely faded away.
A ball python comes into view.
A ball python is nearby!
A ball python is nearby!
The magic dart hits the ball python.
The ball python is moderately wounded.
You can't see any susceptible monsters within range! (Use Z to cast anyway.)
You can't see any susceptible monsters within range! (Use Z to cast anyway.)
A ball python is nearby!
The magic dart hits the ball python.
You kill the ball python!
You can't see any susceptible monsters within range! (Use Z to cast anyway.)
You see here a ball python corpse.
You now have 92 gold pieces (gained 9).
You sense a monster nearby.
A dart slug comes into view.
A dart slug is nearby!
A dart slug is nearby!
The magic dart hits the dart slug.
The dart slug is heavily wounded.
The magic dart hits the dart slug.
The dart slug is severely wounded.
A dart slug is nearby!
A dart slug is nearby!
The magic dart hits the dart slug.
You kill the dart slug!
A quokka comes into view.
A quokka is nearby!
A quokka is nearby!
The magic dart hits the quokka.
The quokka is heavily wounded.
The magic dart hits the quokka.
The quokka is almost dead.
A quokka is nearby!
You miscast Magic Dart.
You are very lightly contaminated with residual magic.
Nothing appears to happen.
The quokka twitches its whiskers.
The quokka closely misses you.
A quokka is nearby!
A quokka is nearby!
The magic dart hits the quokka but does no damage.
The quokka is almost dead.
The quokka closely misses you. x2
A quokka is nearby!
You hit the quokka.
You kill the quokka!
You have reached level 3!
Your experience leads to an increase in your attributes!
Increase (S)trength, (I)ntelligence, or (D)exterity?
You feel clever. x2
Your magical contamination has completely faded away.
A giant cockroach comes into view.
A giant cockroach is nearby!
A giant cockroach is nearby!
A giant cockroach is nearby!
You miscast Magic Dart.
You are very lightly contaminated with residual magic.
Nothing appears to happen.
The magic dart hits the giant cockroach.
The giant cockroach is severely wounded.
The magic dart hits the giant cockroach but does no damage.
The giant cockroach is severely wounded.
The giant cockroach barely misses you.
A giant cockroach is nearby!
The magic dart hits the giant cockroach.
The giant cockroach is almost dead.
The giant cockroach closely misses you.
A giant cockroach is nearby!
A giant cockroach is nearby!
The magic dart hits the giant cockroach.
You kill the giant cockroach!
Your magical contamination has completely faded away.
f - a scroll labelled SIVUNAT FIHELL
Found a stone staircase leading down.
You now have 100 gold pieces (gained 8).
Done exploring.
Done exploring.
Done exploring.
Done exploring.
(D) Dungeon
Where to? (? - help)
There is a stone staircase leading down here.
You climb downwards.
There is a stone staircase leading up here.
A dart slug is nearby!
Unknown command.
Unknown command.
The magic dart hits the dart slug.
The dart slug is moderately wounded.
The magic dart hits the dart slug but does no damage.
The dart slug is moderately wounded.
The dart slug launches a dart at you. The slug dart hits you.
The magic dart hits the dart slug.
The dart slug is severely wounded.
You miscast Magic Dart.
You are very lightly contaminated with residual magic.
Nothing appears to happen.
The magic dart hits the dart slug.
The dart slug is almost dead.
The magic dart hits the dart slug.
You kill the dart slug!
Your magical contamination has completely faded away.
HP restored.
Magic restored.
There is a stone staircase leading up here.
Found 4 stones.
You see here 4 stones.
You sense a monster nearby.
Sigmund the Dreaded comes into view.
He is wielding a +0 scythe and carrying a wand of roots (7).
Sigmund is nearby!
You aren't carrying any items that you can evoke.
Unknown command.
Okay, then.
Found a short sword.
g - a scroll labelled YRPHOTT LETWE
Found a hand axe.
Found a stone staircase leading down.
You now have 111 gold pieces (gained 11).
A ball python comes into view.
You aren't carrying any items that you can evoke.
A ball python is nearby!
A ball python is nearby!
The magic dart hits the ball python.
The ball python is heavily wounded.
The ball python hisses angrily.
The magic dart hits the ball python.
You kill the ball python!
You can't see any susceptible monsters within range! (Use Z to cast anyway.)
Found Dazasch's Assorted Antiques.
h - a ring of protection from fire
There is an entrance to Dazasch's Assorted Antiques here.
h - a ring of protection from fire (left hand)
Found a stone staircase leading down.
A hobgoblin comes into view.
Found 4 gold pieces.
A hobgoblin is nearby!
A hobgoblin is nearby!
The magic dart hits the hobgoblin.
The hobgoblin is moderately wounded.
The magic dart hits the hobgoblin.
The hobgoblin is heavily wounded.
The magic dart hits the hobgoblin.
The hobgoblin is almost dead.
The magic dart hits the hobgoblin but does no damage.
The hobgoblin is almost dead.
A hobgoblin is nearby!
The magic dart hits the hobgoblin.
You kill the hobgoblin!
Natasha, Servant of Life and Death comes into view.
Natasha hisses angrily.
Natasha is nearby!
Natasha is nearby!
Natasha wildly gestures.
Natasha glows brightly for a moment.
Natasha mumbles some strange words.
Natasha casts a spell at you. The magic dart hits you.
Natasha casts a spell at you. The magic dart hits you!
The white imp shouts, "Remove thy stench, thou dankish boil-brained nothing!"
Are you sure you want to shaft yourself?
You begin to dig a shaft.
You continue digging a shaft.
A shaft appears beneath you!
You fall into a shaft and drop 2 floors!
The shaft crumbles and collapses.
Found a dagger, 20 gold pieces and a pair of gloves.
You start resting.
HP restored.
A giant cockroach and a necrophage come into view.
Found a stone staircase leading down.
Found a forked wooden wand and a scroll labelled TULENE YMURGH.
You aren't carrying any items that you can evoke.
Unknown command.
Found 3 scrolls labelled XYT LUOGAISCH.
The magic dart hits the necrophage.
The necrophage is lightly damaged.
The magic dart hits the necrophage.
The necrophage is lightly damaged.
The necrophage hits you.
You feel drained.
The magic dart hits the necrophage.
The necrophage is moderately damaged.
The necrophage hits you.
You feel drained.
You aren't carrying any items that you can evoke.
Okay, then.
Okay, then.
Unknown command.
Casting: Magic Dart (safe; 6% risk of failure)
Confirm with . or Enter, or press ? or * to list all spells.
Aiming: Magic Dart (safe; 6% risk of failure)
Press: ? - help, Shift-Dir - straight line, f/p - necrophage
Aim: a necrophage (moderately damaged, 100% to hit)
The magic dart hits the necrophage but does no damage.
The necrophage is moderately damaged.
The necrophage hits you.
* * * LOW HITPOINT WARNING * * *
You feel drained.
* * * LOW HITPOINT WARNING * * *
Casting: Magic Dart (safe; 6% risk of failure)
Confirm with . or Enter, or press ? or * to list all spells.
Aiming: Magic Dart (safe; 6% risk of failure)
Press: ? - help, Shift-Dir - straight line, f/p - necrophage
Aim: a necrophage (moderately damaged, 100% to hit)
The magic dart hits the necrophage.
The necrophage is moderately damaged.
The necrophage hits you.
* * * LOW HITPOINT WARNING * * *
You feel drained.
* * * LOW HITPOINT WARNING * * *
Casting: Magic Dart (safe; 6% risk of failure)
Confirm with . or Enter, or press ? or * to list all spells.
Aiming: Magic Dart (safe; 6% risk of failure)
Press: ? - help, Shift-Dir - straight line, f/p - necrophage
Aim: a necrophage (moderately damaged, 100% to hit)
The magic dart hits the necrophage.
The necrophage is moderately damaged.
The necrophage hits you.
You die...

#..# ....?..
##.... ......#
#..... .......
#.....# ......#
.......###....$.#
..............$#
...........)...#
?............#
.......@.#./.....
........n##......
##.#.###.........
. # ##...#..B.
...#.... ...[..#.
#....## ....#
...>.


You could see a necrophage.

Vanquished Creatures
  2 dart slugs
  3 endoplasms (D:1)
  2 giant cockroaches (D:1)
  A goblin (D:1)
  A hobgoblin (D:2)
  A quokka (D:1)
  6 ball pythons
  A bat (D:1)
  A frilled lizard (D:1)
  3 kobolds (D:1)
  2 rats (D:1)
23 creatures vanquished.

Notes
Turn   | Place    | Note
-------+----------+-------------------------------------------
     0 | D:1      | sleeves the Formicid Hedge Wizard began the quest for the
                  | Orb.
     0 | D:1      | Reached XP level 1. HP: 13/13 MP: 4/4
   188 | D:1      | Reached skill level 1 in Conjurations
   360 | D:1      | Reached XP level 2. HP: 19/19 MP: 3/6
   510 | D:1      | Reached skill level 2 in Conjurations
   917 | D:1      | Reached XP level 3. HP: 24/24 MP: 2/7
  1124 | D:2      | Noticed Sigmund
  1208 | D:2      | Found Dazasch's Assorted Antiques.
  1276 | D:2      | Noticed Natasha
  1288 | D:2      | You fall into a shaft and drop 2 floors!
  1418 | D:4      | Noticed a necrophage
  1426 | D:4      | HP: 9/21 [necrophage (4)]
  1427 | D:4      | HP: 4/20 [necrophage (4)]
  1428 | D:4      | Slain by a necrophage

Illustrated notes

Levels and vault maps discovered:
D:1:      nicolae_arrival_somewhat_less_tricky_arrival, layout_rooms,
          serial_curves, eino_curves_04, eino_curves_04, eino_curves_02,
          eino_curves_02
D:2:      layout_loops_corners, dreamdust_ecumenical_altar_sealed_demon,
          serial_shops, shop, minmay_tetromino_s2, uniq_sigmund, uniq_terence,
          uniq_natasha, uniq_robin
D:4:      layout_cave_pools, kennysheep_generic_room_2, uniq_menkaure

Skill      XL: |  1  2 |
---------------+-------+-----
Conjurations   | 1 2 |  2.7
Dodging        | |  1.7
Stealth        | |  2.4
Spellcasting   | |  3.2
Summonings     | |  1.0
Translocations | |  0.8

Action                   || total
-------------------------++-------
Melee: Dagger            ||     2
 Cast: Magic Dart        ||    61
 Abil: Shaft Self        ||     1
Dodge: Dodged            ||     6
